 Dungeon Crawl Stone Soup version 0.29-a0-1006-g0dd7720b37 (webtiles) character file.

Game seed: 4560444620379715527

41374 MegasTu the Thaumaturge (level 14, -1/97 HPs)
             Began as a Gnoll Hedge Wizard on Aug 7, 2022.
             Was the Champion of Okawaru.
             Succumbed to their own poison gas
             ... on level 5 of the Lair of Beasts.
             The game lasted 01:09:59 (21942 turns).

MegasTu the Thaumaturge (Gnoll Hedge Wizard)       Turns: 21942, Time: 01:10:00

Health: -1/97      AC: 30    Str: 16      XL:     14   Next: 15%
Magic:  5/38       EV: 13    Int: 15 (16) God:    Okawaru [******]
Gold:   1081       SH:  8    Dex: 18      Spells: 17/36 levels left

rFire   . . .      SeeInvis .   P - +7 Sulking Sword {vorpal, sonic wave}
rCold   . . .      Faith    .   (no shield)
rNeg    . . .      Spirit   +   T - +15 Maxwell's patent armour {-Cast -Tele rElec Will+ rCorr}
rPois   .          Reflect  .   c - +1 helmet
rElec   +          Harm     .   s - +0 cloak of the Iron Devil {MP+9 Dex+3}
rCorr   +          Rampage  .   U - +1 pair of gloves
Will    ++...      NoTele   +   (no boots)
Stlth   .......... NoCast   +   A - brooch of Shielding {Spirit SH+8, awsome}
HPRegen 0.26/turn               b - +4 ring of slaying
MPRegen 0.26/turn               p - ring of Elyvilon's Inspiration {EV+4 Str+4 Dex+3 Slay+2}

@: lethally poisoned (-1 -> -46), silenced, unable to drink
A: fangs 1, strong nose, distributed training, deformed body, frail 1, screaming
1, (teleportitis 1), inability to drink while threatened 1
a: Renounce Religion


You were on level 5 of the Lair of Beasts.
You worshipped Okawaru.
Okawaru was exalted by your worship.
You visited 3 branches of the dungeon, and saw 19 of its levels.
You also visited: Bailey.

You collected 1081 gold pieces.

Inventory:

Hand Weapons
 a - a +0 trident of venom
 f - a +1 dagger of electrocution
 t - the +4 hammer "Gram" {vorpal, +Blink rC+ Str-4}
   (You found it on level 2 of the Dungeon)

   It inflicts extra damage upon your enemies.
   Str:       It affects your strength (-4).
   rC:        It protects you from cold.
   +Blink:    It lets you blink.
 P - the +7 Sulking Sword (weapon) {vorpal, sonic wave}
   (You found it on level 5 of the Dungeon)

   It inflicts extra damage upon your enemies.
   It radiates damaging sonic waves as it strikes, especially in combat
   involving dangerous or numerous foes.
 Q - a -1 hand axe of flaming
 Y - a +1 flail of protection
Missiles
 i - 2 throwing nets
 y - 14 boomerangs
 G - 5 silver javelins
 I - 6 javelins (quivered)
 L - 124 stones
 O - 3 boomerangs of dispersal
Armour
 c - a +1 helmet (worn)
 s - the +0 cloak of the Iron Devil (worn) {MP+9 Dex+3}
   (Okawaru gifted it to you on level 4 of the Lair of Beasts)

   Dex:       It affects your dexterity (+3).
   MP:        It affects your magic capacity (+9).
 w - a +0 leather armour of positive energy
 K - the +1 cloak "Nyehet" {+Blink rCorr Str-4}
   (You found it on level 8 of the Dungeon)

   Str:       It affects your strength (-4).
   +Blink:    It lets you blink.
   rCorr:     It protects you from acid and corrosion.
 M - +0 steam dragon scales
 T - the +15 Maxwell's patent armour (worn) {-Cast -Tele rElec Will+ rCorr}
   (You found it on level 6 of the Dungeon)

   rElec:     It insulates you from electricity.
   -Cast:     It prevents spellcasting.
   -Tele:     It prevents most forms of teleportation.
   rCorr:     It protects you from acid and corrosion.
   Will:      It increases your willpower.
 U - a +1 pair of gloves (worn)
Jewellery
 b - a +4 ring of slaying (left hand)
 g - a ring of see invisible
 j - a ring of protection from fire
 l - an amulet of regeneration
 p - the ring of Elyvilon's Inspiration (right hand) {EV+4 Str+4 Dex+3 Slay+2}
   (You acquired it on level 11 of the Dungeon)

   [ring of evasion]

   EV:        It affects your evasion (+4).
   Str:       It affects your strength (+4).
   Dex:       It affects your dexterity (+3).
   Slay:      It affects your accuracy & damage with ranged weapons and melee
   (+2).
 r - a ring of ice
 x - a ring of protection from fire
 z - a +6 ring of strength
 A - the brooch of Shielding (around neck) {Spirit SH+8, awsome}
   (You found it on level 3 of the Dungeon)

   [amulet of guardian spirit]

   It causes incoming damage to be divided between your reserves of health and
   magic.
   SH:        It affects your SH (+8).
 Z - a +4 ring of slaying
Wands
 D - a wand of paralysis (9)
 R - a wand of polymorph (2)
 W - a wand of mindburst (15)
Scrolls
 e - 2 scrolls of enchant armour
 m - 2 scrolls of fog
 o - 6 scrolls of teleportation
 B - 3 scrolls of blinking
 C - 5 scrolls of amnesia
 E - 3 scrolls of poison
 J - 5 scrolls of immolation
 N - 2 scrolls of enchant weapon
 S - 2 scrolls of identify
 X - a scroll of silence
Potions
 d - 2 potions of magic
 k - 11 potions of curing
 n - 3 potions of invisibility
 q - 4 potions of flight
 u - 3 potions of lignification {unknown}
 v - 5 potions of might
 F - 2 potions of resistance
 H - a potion of haste
 V - 3 potions of heal wounds
Miscellaneous
 h - a box of beasts


   Skills:
 + Level 9.3 Fighting
 + Level 9.3 Short Blades
 + Level 9.3 Long Blades
 + Level 9.3 Axes
 + Level 9.3 Maces & Flails
 + Level 9.3 Polearms
 + Level 9.3 Staves
 + Level 9.3 Ranged Weapons
 + Level 9.3 Throwing
 + Level 9.3 Armour
 + Level 10.4 Dodging
 + Level 10.2 Stealth
 + Level 9.3 Shields
 + Level 9.3 Unarmed Combat
 + Level 11.7 Spellcasting
 + Level 8.1 Conjurations
 + Level 7.7 Hexes
 + Level 8.1 Summonings
 + Level 7.7 Necromancy
 + Level 8.1 Translocations
 + Level 7.7 Transmutations
 + Level 7.7 Fire Magic
 + Level 7.7 Ice Magic
 + Level 7.7 Air Magic
 + Level 7.7 Earth Magic
 + Level 7.7 Poison Magic
 + Level 10.1 Invocations
 + Level 9.3 Evocations


You had 17 spell levels left.
You knew the following spells:

 Your Spells              Type           Power      Damage    Failure   Level
a - Magic Dart            Conj           100%       1d8       10%         1
b - Call Imp              Summ           33%        N/A       14%         2
c - Mephitic Cloud        Conj/Pois/Air  32%        N/A       32%         3
d - Conjure Flame         Conj/Fire      32%        6-21      30%         3
e - Necrotise             Necr           100%       1d9       11%         1
f - Vampiric Draining     Necr           32%        2d8       32%         3
g - Tukima's Dance        Hex            32%        N/A       32%         3
h - Portal Projectile     Hex/Tloc       64%        N/A       30%         3

Your spell library contained the following spells:

 Spells                   Type           Power      Damage    Failure   Level
 Beastly Appendage        Tmut           64%        N/A       11%         1
 Slow                     Hex            100%       N/A       11%         1
 Sting                    Tmut/Pois      100%       1d8       11%         1
 Blink                    Tloc           66%        N/A       14%         2
 Ensorcelled Hibernation  Hex/Ice        64%        N/A       17%         2
 Passwall                 Tmut/Erth      26%        N/A       17%         2
 Poisonous Vapours        Pois/Air       64%        N/A       17%         2
 Sublimation of Blood     Necr           32%        N/A       17%         2
 Wereblood                Tmut           32%        N/A       17%         2
 Dazzling Flash           Conj/Hex       64%        N/A       30%         3
 Confusing Touch          Hex            32%        N/A       32%         3
 Spider Form              Tmut/Pois      32%        N/A       32%         3
 Swiftness                Air            32%        N/A       32%         3
 Iskenderun's Mystic Bla  Conj/Tloc      33%        2d8       67%         4
 Fulminant Prism          Conj/Hex       16%        3d11      71%         4
 Cause Fear               Hex            16%        N/A       73%         4
 Leda's Liquefaction      Hex/Erth       16%        N/A       73%         4
 Olgreb's Toxic Radiance  Pois           32%        N/A       73%         4
 Manifold Assault         Tloc           33%        N/A       95%         5
 Agony                    Necr           32%        N/A       97%         5
 Blade Hands              Tmut           16%        N/A       97%         5
 Borgnjor's Vile Clutch   Necr/Erth      16%        N/A       97%         5
 Lee's Rapid Deconstruct  Erth           16%        3d11*     97%         5
 Silence                  Hex/Air        16%        N/A       97%         5
 Yara's Violent Unravell  Hex/Tmut       16%        3d8       97%         5
 Enfeeble                 Hex            16%        N/A       100%        7
 Ozocubu's Refrigeration  Ice            16%        4d11      100%        7
 Storm Form               Tmut/Air       16%        N/A       100%        7
 Ignition                 Fire           16%        3d6       100%        8
 Call Canine Familiar     Summ           Unusable   N/A       N/A         3
 Animate Dead             Necr           Unusable   N/A       N/A         4
 Summon Mana Viper        Hex/Summ       Unusable   N/A       N/A         5
 Death Channel            Necr           Unusable   N/A       N/A         6
 Simulacrum               Ice/Necr       Unusable   N/A       N/A         6
 Summon Hydra             Summ           Unusable   N/A       N/A         7
 Infestation              Necr           Unusable   N/A       N/A         8

Dungeon Overview and Level Annotations

Branches:
Dungeon (13/15)            Temple (1/1) D:6            Lair (5/5) D:9
 Shoals (0/4) Lair:2       Spider (0/4) Lair:3        Slime (0/5) Lair:4
    Orc (0/2) D:10         Bailey (visited)
 Vaults: D:13-14

Altars:
Ashenzari
Cheibriados
Dithmenos
Elyvilon
Fedhas
Gozag
Hepliaklqana
Kikubaaqudgha
Makhleb
Nemelex Xobeh
Okawaru
Qazlal
Ru
Sif Muna
Trog
Uskayaw
Vehumet
Wu Jian
Xom
Yredelemnul
Zin
The Shining One
Jiyva

Shops:
D:10 ([

Portals:
Trove: D:11 (give 15 potions of curing)

Annotations:
D:9 exclusion: downstairs
Lair:1 2 transporters, RevDB's ghost, novice DrCj
Lair:5 3 runed translucent doors, Sobieck's ghost, journeyman VSBr


Innate Abilities, Weirdness & Mutations

You have very sharp teeth.
Your uncanny sense of smell can sniff out nearby items.
Your experience applies equally to all skills.
Armour fits poorly on your strangely shaped body.
You are frail. (-10% HP)
You occasionally shout uncontrollably at your foes.
((You are occasionally teleported next to monsters.))
You occasionally lose the ability to drink potions when taking damage.


Message History

You block the elephant's attack. The elephant closely misses you.
The death yak gores you.
Unknown command.
You cannot drink potions in your current state!
Okay, then.
Okay, then.
You cannot drink potions in your current state!
Unknown command.
The air fills with toxic fumes!
As you read the scroll labelled LAFASIL QYHEUG, it crumbles to dust.
It was a scroll of poison.
The komodo dragon hisses menacingly.
The elephant tramples you.
You stumble backwards!
Found 23 gold pieces.
Unknown command.
Unknown command.
Unknown command.
You are engulfed in poison gas.
You are poisoned.
You feel very sick.
A nearby fungus withers and dies. x2
The death yak is engulfed in poison gas.
The death yak is poisoned.
You cannot drink potions in your current state!
The elephant attacks as you move away! The elephant barely misses you.
You block the elephant's attack.
You are engulfed in poison gas.
You are lethally poisoned!
* * * LOW HITPOINT WARNING * * *
x2 You feel extremely sick.
The lindwurm breathes flames at you. The blast of flame hits you!
* * * LOW HITPOINT WARNING * * *
The elephant is engulfed in poison gas.
The elephant is poisoned.
The death yak is engulfed in poison gas.
The death yak looks even sicker.
The death yak gores you but does no damage.
As you read the scroll labelled HOUCAM FOTYCUAH, it crumbles to dust.
A profound silence engulfs you.
It was a scroll of silence.
You are engulfed in poison gas.
You are more poisoned.
* * * LOW HITPOINT WARNING * * *
You die...

.... ....... ...P#
#.#.#. ..
....P##....##..
.§§§§#§§§§§§§§§..#.#..#
.§§§§§§§§§§§§§§....#...
$§§§§§§§§§§§§§§...#...##
.§§§§§§§§§§§§§§.........
.§§§§§§@§§§§§§§.........
.§§§§§§YY§§§§§§.........
.§§§§§§§Y§.§§§§..##....#
.§§§§§§§...#....# #..##
.§§§§####k##....####...#
.§.....#.YY.#...........
.........l.##Y.........#
....##.Y..§§.....#.....#
... #...!..#Y.....#...#


You could see 3 death yaks, 2 elephants, a lindwurm (catching breath) and a
komodo dragon.

Vanquished Creatures
  Kirke (Lair:3)
  Josephine (D:10)
  4 hydras
  6 two-headed ogres
  2 death yaks (Lair:5)
  Pikel (D:4)
  2 deep elf pyromancers
  3 orc knights
  4 elephants
  5 black mambas
  3 merfolk sirens (Lair:2)
  2 gargoyles
  2 torpor snails
  6 cane toads
  8 komodo dragons
  3 rime drakes
  A kobold demonologist (D:10)
  A merfolk (Lair:2)
  A troll (D:11)
  2 polar bears
  3 slime creatures (D:12)
  4 blink frogs (Lair:3)
  4 wraiths
  A shadow (D:11)
  43 yaks
  6 wyverns
  7 hogs (Lair:3)
  3 basilisks
  2 steam dragons
  2 vampire mosquitoes (D:12)
  2 acid dragons
  14 water moccasins
  2 ice beasts
  4 black bears
  8 orc warriors
  2 sky beasts
  An ogre (D:5)
  25 wolves
  A phantom (D:6)
  2 kobold brigands
  11 bullfrogs
  4 scorpions
  6 killer bees (D:9)
  2 vampire bats (D:3)
  An electric eel (Lair:2)
  9 howler monkeys
  Crazy Yiuf (D:2)
  3 hounds
  3 jellies (Lair:4)
  2 orc priests
  2 gnoll boudas
  3 iguanas
  9 orc wizards
  5 hell rats (Lair:5)
  16 gnolls
  4 adders
  A shadow imp (D:8)
  2 white imps
  An ufetubus (D:6)
  A worm (D:3)
  4 dart slugs
  44 orcs
  2 ball pythons
  4 bat skeletons (D:3)
  3 bat zombies (D:3)
  11 endoplasms
  2 giant cockroaches (D:1)
  11 hobgoblins
  15 jackals
  14 kobolds
  5 quokkas
  17 bats
  2 frilled lizards (D:1)
  5 goblins
  6 rats
  2 bushes
427 creatures vanquished.

Vanquished Creatures (collateral kills)
  An ogre (D:2)
  A necrophage (D:5)
  A scorpion (D:5)
  An orc priest (D:5)
  A jelly (D:5)
  An orc wizard (D:5)
  An iguana (D:4)
  7 orcs
  5 bats
  2 goblins
  2 jackals (D:3)
  A quokka (D:3)
  A ball python (D:3)
  A frilled lizard (D:2)
26 creatures vanquished.

Vanquished Creatures (others)
  83 fungi
  89 plants
172 creatures vanquished.

Grand Total: 625 creatures vanquished

Notes
Turn   | Place    | Note
-------+----------+-------------------------------------------
     0 | D:1      | MegasTu the Gnoll Hedge Wizard began the quest for the Orb.
     0 | D:1      | Reached XP level 1. HP: 13/13 MP: 8/8
   546 | D:1      | Reached XP level 2. HP: 11/19 MP: 1/10
   749 | D:1      | HP: 1/20 [frozen (5)]
  1308 | D:1      | Reached XP level 3. HP: 25/25 MP: 9/11
  1509 | D:1      | Learned a level 2 spell: Call Imp
  1513 | D:1      | Learned a level 3 spell: Mephitic Cloud
  1689 | D:1      | Reached skill level 1 in Invocations
  2377 | D:2      | Reached skill level 1 in Fighting
  2377 | D:2      | Reached skill level 1 in Short Blades
  2377 | D:2      | Reached skill level 1 in Long Blades
  2377 | D:2      | Reached skill level 1 in Axes
  2377 | D:2      | Reached skill level 1 in Maces & Flails
  2377 | D:2      | Reached skill level 1 in Polearms
  2377 | D:2      | Reached skill level 1 in Staves
  2377 | D:2      | Reached skill level 1 in Ranged Weapons
  2377 | D:2      | Reached skill level 1 in Throwing
  2377 | D:2      | Reached skill level 1 in Armour
  2377 | D:2      | Reached skill level 1 in Shields
  2377 | D:2      | Reached skill level 1 in Unarmed Combat
  2377 | D:2      | Reached skill level 1 in Evocations
  2445 | D:2      | Found a broken altar of Ashenzari.
  2955 | D:2      | Noticed an ogre
  2976 | D:2      | Killed an ogre
  2977 | D:2      | Reached skill level 1 in Hexes
  2977 | D:2      | Reached skill level 1 in Necromancy
  2977 | D:2      | Reached skill level 1 in Transmutations
  2977 | D:2      | Reached skill level 1 in Fire Magic
  2977 | D:2      | Reached skill level 1 in Ice Magic
  2977 | D:2      | Reached skill level 1 in Air Magic
  2977 | D:2      | Reached skill level 1 in Earth Magic
  2977 | D:2      | Reached skill level 1 in Poison Magic
  2977 | D:2      | Reached XP level 4. HP: 32/32 MP: 2/13
  2977 | D:2      | Reached XP level 5. HP: 37/37 MP: 2/14
  3268 | D:2      | Found a runed translucent door.
  3273 | D:2      | Learned a level 3 spell: Conjure Flame
  3273 | D:2      | Noticed Crazy Yiuf
  3288 | D:2      | Killed Crazy Yiuf
  3293 | D:2      | Identified the +4 hammer "Gram" {vorpal, +Blink rC+ Str-4}
  3507 | D:3      | Learned a level 1 spell: Necrotise
  3520 | D:3      | Noticed a golden eye
  3742 | D:3      | Found a faded altar of an unknown god.
  3744 | D:3      | Noticed a shining eye
  3750 | D:3      | Noticed a floating eye
  3753 | D:3      | Noticed a golden eye
  4124 | D:3      | Reached XP level 6. HP: 44/44 MP: 11/16
  4440 | D:3      | Found the brooch of Shielding {Spirit SH+8}
  4616 | D:3      | Found an ancient bone altar of Kikubaaqudgha.
  4675 | D:3      | Reached skill level 5 in Dodging
  5195 | D:4      | Reached XP level 7. HP: 33/50 MP: 7/18
  5340 | D:4      | Learned a level 3 spell: Vampiric Draining
  5447 | D:4      | Noticed Pikel
  5462 | D:4      | Killed Pikel
  5463 | D:4      | Reached skill level 5 in Stealth
  5463 | D:4      | Reached XP level 8. HP: 58/58 MP: 5/19
  5724 | D:4      | Found a blossoming altar of Fedhas.
  5776 | D:5      | Entered Level 5 of the Dungeon
  5780 | D:5      | Identified the +0 ring mail of Ghostly Surprise {-Cast
                  | *Slow Dex+9}
  6467 | D:5      | Reached skill level 8 in Spellcasting
  7279 | D:5      | Learned a level 3 spell: Tukima's Dance
  7283 | D:5      | Learned a level 3 spell: Portal Projectile
  7462 | D:5      | Found the +7 Singing Sword {vorpal, sonic wave}
  7803 | D:5      | Reached XP level 9. HP: 65/65 MP: 5/21
  8406 | D:6      | Found a staircase to the Ecumenical Temple.
  8481 | Temple   | Entered the Ecumenical Temple
  8737 | D:6      | Found the +15 Maxwell's patent armour {-Cast -Tele rElec
                  | Will+ rCorr}
  8955 | D:6      | Found an iron altar of Okawaru.
  8978 | D:6      | Became a worshipper of Warmaster Okawaru
  9817 | D:7      | Found a snail-covered altar of Cheibriados.
  9919 | D:7      | Reached skill level 5 in Invocations
  9997 | D:7      | Found a flagged portal.
 10006 | Bailey   | Entered a bailey
 11005 | Bailey   | Reached * piety under Okawaru
 11023 | Bailey   | Noticed an orc knight
 11032 | Bailey   | Reached skill level 5 in Fighting
 11032 | Bailey   | Reached skill level 5 in Short Blades
 11032 | Bailey   | Reached skill level 5 in Long Blades
 11032 | Bailey   | Reached skill level 5 in Axes
 11032 | Bailey   | Reached skill level 5 in Maces & Flails
 11032 | Bailey   | Reached skill level 5 in Polearms
 11032 | Bailey   | Reached skill level 5 in Staves
 11032 | Bailey   | Reached skill level 5 in Ranged Weapons
 11032 | Bailey   | Reached skill level 5 in Throwing
 11032 | Bailey   | Reached skill level 5 in Armour
 11032 | Bailey   | Reached skill level 5 in Shields
 11032 | Bailey   | Reached skill level 5 in Unarmed Combat
 11032 | Bailey   | Reached skill level 5 in Evocations
 11032 | Bailey   | Reached XP level 10. HP: 37/74 MP: 10/22
 11040 | Bailey   | Killed an orc knight
 11056 | Bailey   | Got the Codex of Black Arts
 11743 | D:8      | Reached skill level 9 in Spellcasting
 11773 | D:8      | Identified the +1 cloak "Nyehet" {+Blink rCorr Str-4}
 12015 | D:8      | Noticed a two-headed ogre
 12027 | D:8      | Killed a two-headed ogre
 12027 | D:8      | Reached ** piety under Okawaru
 12028 | D:8      | Reached skill level 5 in Conjurations
 12028 | D:8      | Reached skill level 5 in Summonings
 12028 | D:8      | Reached skill level 5 in Translocations
 12083 | D:8      | Got the Lessons on Malediction
 12821 | D:9      | Found a shadowy altar of Dithmenos.
 12829 | D:9      | Reached *** piety under Okawaru
 12842 | D:9      | Noticed a two-headed ogre
 12853 | D:9      | Killed a two-headed ogre
 12853 | D:9      | Received a gift from Okawaru
 12854 | D:9      | Reached skill level 5 in Hexes
 12854 | D:9      | Reached skill level 5 in Necromancy
 12854 | D:9      | Reached skill level 5 in Transmutations
 12854 | D:9      | Reached skill level 5 in Fire Magic
 12854 | D:9      | Reached skill level 5 in Ice Magic
 12854 | D:9      | Reached skill level 5 in Air Magic
 12854 | D:9      | Reached skill level 5 in Earth Magic
 12854 | D:9      | Reached skill level 5 in Poison Magic
 12854 | D:9      | Reached XP level 11. HP: 69/81 MP: 20/24
 12939 | D:9      | Noticed a two-headed ogre
 12948 | D:9      | Killed a two-headed ogre
 12948 | D:9      | Reached **** piety under Okawaru
 13067 | D:9      | Received a gift from Okawaru
 13373 | D:9      | Found a staircase to the Lair.
 13461 | D:9      | Identified the +1 leather armour of Qairetaq {rF- Regen+
                  | Int+6}
 13549 | Lair:1   | Entered Level 1 of the Lair of Beasts
 13591 | D:10     | Entered Level 10 of the Dungeon
 13717 | D:10     | Found a staircase to the Orcish Mines.
 13717 | D:10     | Found Zyk Lity's Armour Shop.
 13717 | D:10     | Noticed an orc knight
 13718 | D:10     | Found Oxturif's Weapon Shop.
 13725 | D:10     | Noticed Josephine
 13767 | Lair:1   | Noticed a five-headed hydra
 13768 | Lair:1   | Noticed RevDB's ghost (novice DrCj)
 13779 | Lair:1   | Received a gift from Okawaru
 13783 | Lair:1   | Noticed a moth of wrath
 14106 | D:10     | Noticed a two-headed ogre
 14115 | D:10     | Killed a two-headed ogre
 14187 | D:10     | Noticed an orc knight
 14236 | D:10     | Found a hide-covered altar of Uskayaw.
 14236 | D:10     | Found an opulent altar of Gozag.
 14236 | D:10     | Found a hazy altar of Hepliaklqana.
 14290 | D:10     | Killed an orc knight
 14291 | D:10     | Reached skill level 10 in Spellcasting
 14325 | D:10     | Killed Josephine
 14325 | D:10     | Reached ***** piety under Okawaru
 14426 | D:10     | Gained mutation: You are robust. (+10% HP) [potion of
                  | mutation]
 14426 | D:10     | Gained mutation: You occasionally shout uncontrollably at
                  | your foes. [potion of mutation]
 14426 | D:10     | Gained mutation: You are weak. (Str -2) [potion of
                  | mutation]
 14426 | D:10     | Gained mutation: You are agile. (Dex +4, Str/Int -1)
                  | [potion of mutation]
 14479 | D:10     | Killed an orc knight
 15217 | D:11     | Found a portal to a secret trove of treasure.
 15236 | D:11     | Noticed a two-headed ogre
 15242 | D:11     | Killed a two-headed ogre
 15243 | D:11     | Reached XP level 12. HP: 100/100 MP: 24/26
 15292 | D:11     | Identified a scroll of acquirement
 15292 | D:11     | Acquired the ring of Elyvilon's Inspiration {EV+4 Str+4
                  | Dex+3 Slay+2}
 16077 | D:12     | Noticed a six-headed hydra
 16087 | D:12     | Killed a two-headed hydra
 16200 | D:12     | Noticed a two-headed ogre
 16211 | D:12     | Killed a two-headed ogre
 16237 | D:12     | Found a sparkling altar of Nemelex Xobeh.
 16403 | D:12     | Received a gift from Okawaru
 16646 | D:12     | Noticed a five-headed hydra
 16655 | D:12     | Killed a one-headed hydra
 16655 | D:12     | Received a gift from Okawaru
 16728 | D:12     | Noticed a six-headed hydra
 16732 | D:12     | Killed a six-headed hydra
 17255 | D:13     | Lost mutation: You are weak. (Str -2) [potion of mutation]
 17255 | D:13     | Lost mutation: You are robust. (+10% HP) [potion of
                  | mutation]
 17255 | D:13     | Gained mutation: You have hidden genetic defects. [potion
                  | of mutation]
 17255 | D:13     | Gained mutation: You have terrible hidden genetic defects.
                  | [potion of mutation]
 17255 | D:13     | Lost mutation: You are agile. (Dex +4, Str/Int -1) [potion
                  | of mutation]
 17431 | Lair:1   | Found a transporter.
 17447 | Lair:1   | Reached ****** piety under Okawaru
 17447 | Lair:1   | Received a gift from Okawaru
 17453 | Lair:1   | Found a transporter.
 17772 | Lair:1   | Gained mutation: You are frail. (-10% HP) [hidden defects]
 17774 | Lair:1   | Identified the -1 pair of boots of Indecent Exposure
                  | {rPois} (Okawaru gifted it to you on level 1 of the Lair of
                  | Beasts)
 17774 | Lair:1   | Received a gift from Okawaru
 18258 | Lair:2   | Reached XP level 13. HP: 88/88 MP: 27/27
 18366 | Lair:2   | Gained mutation: You are occasionally teleported next to
                  | monsters. [hidden defects]
 18366 | Lair:2   | Lost mutation: You have terrible hidden genetic defects.
                  | [hidden defects expressed]
 18374 | Lair:2   | Reached skill level 11 in Spellcasting
 18517 | Lair:2   | Found a staircase to the Shoals.
 18894 | Lair:2   | Gained mutation: You occasionally lose the ability to drink
                  | potions when taking damage. [hidden defects]
 19369 | Lair:3   | Found a hole to the Spider Nest.
 19747 | Lair:3   | Gained mutation: Armour fits poorly on your strangely
                  | shaped body. [hidden defects]
 19747 | Lair:3   | Lost mutation: You have hidden genetic defects. [hidden
                  | defects expressed]
 19914 | Lair:3   | Reached skill level 10 in Dodging
 20107 | Lair:3   | Noticed Kirke
 20127 | Lair:3   | Killed Kirke
 20857 | Lair:4   | Identified the +0 cloak of the Iron Devil {MP+9 Dex+3}
                  | (Okawaru gifted it to you on level 4 of the Lair of Beasts)
 20857 | Lair:4   | Received a gift from Okawaru
 20947 | Lair:4   | Reached skill level 10 in Stealth
 21274 | Lair:4   | Found a viscous altar of Jiyva.
 21275 | Lair:4   | Found a staircase to the Slime Pits.
 21689 | Lair:5   | Entered Level 5 of the Lair of Beasts
 21763 | Lair:5   | Reached XP level 14. HP: 78/97 MP: 28/29
 21765 | Lair:5   | Reached skill level 10 in Invocations
 21899 | Lair:5   | Found a runed translucent gate.
 21900 | Lair:5   | Found a runed translucent gate.
 21901 | Lair:5   | Found a runed translucent gate.
 21909 | Lair:5   | Noticed Sobieck's ghost (journeyman VSBr)
 21942 | Lair:5   | Succumbed to their own poison gas

Illustrated notes

Levels and vault maps discovered:
D:1:      dpeg_cavernosity, layout_loops_ring
D:2:      layout_basic, basic_altar, uniq_crazy_yiuf_cottage
D:3:      minmay_angry_zag, layout_basic, kennysheep_vampire_church,
          hellmonk_ecumenical_altar_watching_god
D:4:      layout_rooms, kennysheep_mini, hex_large, uniq_pikel
D:5:      old_forge, layout_cave_pods, grunt_ministairs_10
D:6:      layout_basic, okawaru_metal_pillars_1_2, minmay_temple_entry_wispy
D:7:      layout_basic, mainiacjoe_overflow_concentric_impassable,
          enter_bailey_4
D:8:      layout_layer_cave
D:9:      layout_long_grid, grunt_dithmenos_smoke, minmay_lair_entry_grove
D:10:     layout_rooms, gammafunk_temple_overflow_claw, orc_david_3,
          uniq_josephine
D:11:     layout_loops_corners, enter_trove_3, roderic_roman_lattice
D:12:     layout_stronghold, serial_column_ruins, column_ruins_circle_small,
          column_ruins_grid_1, column_ruins_grid_1, column_ruins_grid_3,
          column_ruins_open_tiny, column_ruins_open_small,
          nemelex_spade_bored_becter
D:13:     layout_irregular_city, hangedman_vaults_entry_quadrant_bands,
          jiyva_altar_1, uniq_erolcha, uniq_maurice
Temple:   eino_temple_water
Lair:1:   hellmonk_ruined_rings, layout_chaotic_city,
          gammafunk_ghost_berserking_beasts, serial_rivers,
          chequers_serial_rivers_room_b, chequers_serial_rivers_small_3,
          chequers_serial_rivers_room_a, chequers_serial_rivers_large_a,
          chequers_serial_rivers_micro_c, chequers_serial_rivers_small_3
Lair:2:   layout_gridlike, elwin_shoals_entry_stream,
          nicolae_lair_grazing_beasts [nicolae_sub_lair_graze_edge,
          nicolae_sub_lair_graze_edge, nicolae_sub_lair_graze_edge,
          nicolae_sub_lair_graze_edge]
Lair:3:   layout_regular_city, dummy_spider_entry, uniq_kirke
Lair:4:   layout_misc_corridors, nicolae_slime_entry_slimehenge,
          lemuel_fruit_fields
Lair:5:   grunt_lair_end_beastmaster, layout_regular_city,
          gammafunk_ghost_necromancy, chequers_serial_rivers_marsh

Skill      XL: |  1  2  3  4  5  6  7  8  9 10 11 12 13 14 |
---------------+-------------------------------------------+-----
Conjurations   | 2 3 4 5 6 7 8 |  8.1
Summonings     | 2 3 4 5 6 7 8 |  8.1
Translocations | 2 3 4 5 6 7 8 |  8.1
Invocations    | 1 2 3 4 5 6 7 8 9 10 | 10.1
Fighting       | 1 2 3 5 6 7 8 9 |  9.3
Short Blades   | 1 2 3 5 6 7 8 9 |  9.3
Long Blades    | 1 2 3 5 6 7 8 9 |  9.3
Axes           | 1 2 3 5 6 7 8 9 |  9.3
Maces & Flails | 1 2 3 5 6 7 8 9 |  9.3
Polearms       | 1 2 3 5 6 7 8 9 |  9.3
Staves         | 1 2 3 5 6 7 8 9 |  9.3
Ranged Weapons | 1 2 3 5 6 7 8 9 |  9.3
Throwing       | 1 2 3 5 6 7 8 9 |  9.3
Armour         | 1 2 3 5 6 7 8 9 |  9.3
Shields        | 1 2 3 5 6 7 8 9 |  9.3
Unarmed Combat | 1 2 3 5 6 7 8 9 |  9.3
Evocations     | 1 2 3 5 6 7 8 9 |  9.3
Hexes          | 1 2 3 4 5 6 7 |  7.7
Necromancy     | 1 2 3 4 5 6 7 |  7.7
Transmutations | 1 2 3 4 5 6 7 |  7.7
Fire Magic     | 1 2 3 4 5 6 7 |  7.7
Ice Magic      | 1 2 3 4 5 6 7 |  7.7
Air Magic      | 1 2 3 4 5 6 7 |  7.7
Earth Magic    | 1 2 3 4 5 6 7 |  7.7
Poison Magic   | 1 2 3 4 5 6 7 |  7.7
Dodging        | 5 6 7 8 9 10 | 10.4
Stealth        | 5 6 7 8 9 10 | 10.2
Spellcasting   | 8 9 10 11 | 11.7

Action                   |  1- 3 |  4- 6 |  7- 9 | 10-12 | 13-15 || total
-------------------------+-------+-------+-------+-------+-------++-------
Melee: Dagger            |    23 |     6 |       |       |       ||    29
       Bite              |     1 |     9 |    22 |    44 |    38 ||   114
       Mace              |       |    65 |    51 |       |       ||   116
       Punch             |       |     1 |     5 |    26 |    15 ||    47
       Double sword      |       |       |   116 |   295 |   303 ||   714
       Hand axe          |       |       |       |    11 |    11 ||    22
Throw: Stone             |       |       |     6 |     1 |       ||     7
       Throwing net      |       |       |       |     1 |     2 ||     3
       Boomerang         |       |       |       |     7 |     2 ||     9
       Javelin           |       |       |       |     5 |     6 ||    11
 Cast: Magic Dart        |   106 |    70 |    88 |       |       ||   264
       Call Imp          |     5 |    15 |    22 |       |       ||    42
       Mephitic Cloud    |     1 |     3 |    10 |       |       ||    14
       Necrotise         |       |     9 |       |       |       ||     9
       Conjure Flame     |       |     2 |     3 |       |       ||     5
       Tukima's Dance    |       |       |     1 |       |       ||     1
Invok: Heroism           |       |       |     1 |       |       ||     1
Evoke: Wand              |       |       |       |     2 |       ||     2
  Use: Potion            |     2 |       |     1 |     5 |     2 ||    10
       Scroll            |       |       |     8 |    10 |     6 ||    24
 Stab: Sleeping          |     1 |     2 |     1 |       |       ||     4
       Confused          |       |       |     1 |       |       ||     1
Armor: Robe              |     6 |    38 |     7 |       |       ||    51
       Plate armour      |       |       |   128 |   205 |   202 ||   535
Dodge: Dodged            |    38 |    79 |    68 |    93 |   142 ||   420
Block: Other             |       |    44 |   102 |   104 |   126 ||   376

Table legend: (Time is in decaauts)
 A = Elapsed time spent in this place.
 B = Non-inter-level travel time spent in this place.
 C = Inter-level travel time spent in this place.
 D = Time resting spent in this place.
 E = Time spent auto-exploring this place.
 F = Levels seen in this place.
 G = Mean time per level.
                   A        B        C        D        E       F      G
               +--------+--------+--------+--------+--------+-----+--------+
         Total |  22148 |  20770 |   1378 |   2459 |  14077 |  20 | 1107.4 |
       Dungeon |  15972 |  14870 |   1102 |   1814 |  10358 |  13 | 1228.6 |
        Temple |    246 |    246 |      0 |      0 |    199 |   1 |  246.0 |
          Lair |   4630 |   4355 |    275 |     47 |   3310 |   5 |  926.0 |
        Bailey |   1299 |   1299 |      0 |    598 |    209 |   1 | 1299.0 |
               +--------+--------+--------+--------+--------+-----+--------+

Top non-repeatable levels by time:
     D:1: 2555 daAuts
     D:5: 1750 daAuts
  Lair:3: 1672 daAuts
     D:3: 1573 daAuts
     D:2: 1367 daAuts
    D:11: 1311 daAuts
    D:12: 1299 daAuts
  Bailey: 1299 daAuts
     D:8: 1132 daAuts
     D:9: 1132 daAuts
     D:6: 1126 daAuts
     D:4: 1060 daAuts
  Lair:2: 1046 daAuts
  Lair:1: 907 daAuts
    D:10: 855 daAuts
